 Dungeon Crawl Stone Soup version 0.30-a0-55-g90e3122c3a (webtiles) character file.

Game seed: 6148487883211947809

85 Newt the Cudgeller (level 4, -2/33 HPs)
             Began as a Demonspawn Gladiator on Sept 9, 2022.
             Killed by divine providence
             ... invoked by an orc priest
              (15 damage)
             ... on level 3 of the Dungeon.
             The game lasted 00:02:11 (2385 turns).

Newt the Cudgeller (Demonspawn Gladiator)           Turns: 2385, Time: 00:02:12

Health: -2/33      AC:  7    Str: 16    XL:     4   Next: 25%
Magic:  4/4        EV: 10    Int:  9    God:
Gold:   64         SH:  4    Dex: 15    Spells: 3/3 levels left

rFire   . . .      SeeInvis .    i - +1 whip (freeze)
rCold   . . .      Faith    .    (no shield)
rNeg    . . .      Spirit   .    r - +0 scale mail
rPois   .          Reflect  .    c - +0 helmet
rElec   .          Harm     +    n - scarf {harm}
rCorr   .          Rampage  .    (no gloves)
Will    .....                    (no boots)
Stlth   +.........               (no amulet)
HPRegen 0.11/turn                (no ring)
MPRegen 0.09/turn                (no ring)

@: no status effects
A: large bone plates 1
a: no special abilities


You were on level 3 of the Dungeon.
You visited 1 branch of the dungeon, and saw 3 of its levels.

You collected 64 gold pieces.

Inventory:

Hand Weapons
 a - a +0 rapier
 i - a +1 whip of freezing (weapon)
Missiles
 d - 3 throwing nets (quivered)
Armour
 b - a +0 leather armour
 c - a +0 helmet (worn)
 n - a scarf of harm (worn)
 r - a +0 scale mail (worn)
Scrolls
 g - a scroll of silence
 m - a scroll of noise {unknown}
 o - a scroll of vulnerability {unknown}
 p - a scroll of teleportation {unknown}
 q - a scroll of torment {unknown}
 t - a scroll of identify
Potions
 f - a potion of degeneration
 h - a potion of attraction
 j - a potion of resistance
 k - a potion of might
 l - a potion of curing
 s - a potion of ambrosia


   Skills:
 - Level 2.0 Fighting
 - Level 2.6 Short Blades
 + Level 2.9 Maces & Flails
 - Level 1.7 Throwing
 - Level 2.6 Dodging
 - Level 2.0 Stealth


You had 3 spell levels left.
You didn't know any spells.
Your spell library was empty.

Dungeon Overview and Level Annotations

Branches:
Dungeon (3/15)

Altars:


Innate Abilities, Weirdness & Mutations

You are partially covered in large bone plates. (SH +4)


Message History

The orc hits you with a +0 short sword.
You closely miss the orc.
The orc is almost dead.
The orc hits you but does no damage.
It was a potion of ambrosia.
You are confused.
You feel invigorated. The orc hits you but does no damage.
Unknown command.
You bump into the rock wall.
The orc hits you but does no damage.
The orc priest begins to cast a cantrip, but forgets the words!
You bump into the rock wall.
An adder comes into view.
The orc hits you with a +0 short sword.
You bump into the rock wall.
The orc hits you but does no damage.
You closely miss the orc.
The orc is almost dead.
The orc closely misses you.
The orc priest looks braver for a moment.
You barely miss the orc.
The orc is almost dead.
The orc hits you with a +0 short sword.
You bump into the rock wall.
The orc completely misses you.
You bump into the rock wall.
You feel less invigorated.
You feel less confused. The orc hits you with a +0 short sword.
The orc priest miscasts a cantrip.
You hit the orc. You freeze the orc.
You kill the orc!
You hit the orc but do no damage. The orc closely misses you.
You hit the orc. You freeze the orc.
The orc is moderately wounded.
The orc priest looks satisfied for a moment.
The orc hits you with a +0 mace.
You hit the orc but do no damage.
The orc is moderately wounded.
The orc priest calls down the wrath of Beogh upon you.
Beogh smites you! The orc barely misses you.
The orc priest calls down the wrath of Beogh upon you.
Beogh smites you!
You die...

#### .....
##.....
#########.......
#...@ooSo.(.....
##.#####>.......
#.# #......#.
#.# #......# #.#
#o.....# #.#
...##### #.#
.... #.# #.....
#.# #...oo


You could see an orc priest, an adder and 2 orcs.

Vanquished Creatures
  2 adders
  4 orcs (D:3)
  5 bats
  5 endoplasms
  3 giant cockroaches (D:1)
  4 goblins
  7 hobgoblins
  3 jackals (D:1)
  6 kobolds
  3 quokkas
  7 ball pythons
  3 frilled lizards
  5 rats (D:1)
57 creatures vanquished.

Notes
Turn   | Place    | Note
-------+----------+-------------------------------------------
     0 | D:1      | Newt the Demonspawn Gladiator began the quest for the Orb.
     0 | D:1      | Reached XP level 1. HP: 16/16 MP: 1/1
    33 | D:1      | Reached skill level 1 in Stealth
   251 | D:1      | Gained mutation: You are partially covered in large bone
                  | plates. (SH +4) [demonic ancestry]
   251 | D:1      | Reached XP level 2. HP: 22/22 MP: 2/2
   831 | D:1      | Reached skill level 1 in Maces & Flails
   934 | D:1      | Reached XP level 3. HP: 27/27 MP: 3/3
  1170 | D:1      | Found a faded altar of an unknown god.
  2074 | D:3      | Reached XP level 4. HP: 32/33 MP: 4/4
  2385 | D:3      | Killed from afar by an orc priest

Illustrated notes

Levels and vault maps discovered:
D:1:      lightli_arrival_quake, layout_basic,
          hellmonk_ecumenical_altar_inner_sanctum, nrook_campfire,
          minmay_pentomino_v2
D:2:      layout_loops_ring, minmay_ruptured
D:3:      layout_basic

Skill      XL: |  1  2  3 |
---------------+----------+-----
Stealth        | 1 2 |  2.0
Maces & Flails | 1 2 |  2.9
Fighting       | |  2.0
Short Blades   | |  2.6
Throwing       | |  1.7
Dodging        | |  2.6

Action                   |  1- 3 |  4- 6 || total
-------------------------+-------+-------++-------
Melee: Rapier            |    25 |       ||    25
       Whip              |   106 |    37 ||   143
Throw: Javelin           |       |     1 ||     1
  Use: Scroll            |     6 |       ||     6
       Potion            |       |     1 ||     1
 Stab: Sleeping          |     5 |       ||     5
Armor: Leather armour    |    34 |       ||    34
       Scale mail        |     1 |    14 ||    15
Dodge: Dodged            |    76 |    15 ||    91
Block: Other             |    18 |     3 ||    21

Table legend: (Time is in decaauts)
 A = Elapsed time spent in this place.
 B = Non-inter-level travel time spent in this place.
 C = Inter-level travel time spent in this place.
 D = Time resting spent in this place.
 E = Time spent auto-exploring this place.
 F = Levels seen in this place.
 G = Mean time per level.
                   A        B        C        D        E       F      G
               +--------+--------+--------+--------+--------+-----+--------+
         Total |   2388 |   2272 |    116 |      0 |   1877 |   3 |  796.0 |
       Dungeon |   2388 |   2272 |    116 |      0 |   1877 |   3 |  796.0 |
               +--------+--------+--------+--------+--------+-----+--------+

Top non-repeatable levels by time:
     D:1: 1202 daAuts
     D:2: 838 daAuts
     D:3: 348 daAuts
